 Dungeon Crawl Stone Soup version 0.30-a0-778-g2ef04afb54 (webtiles) character file.

Game seed: 772880148213060761

116499 Twinkles the Warrior (level 16, 0/130 HPs)
             Began as a Barachi Hexslinger on Feb 15, 2023.
             Was the Champion of Hepliaklqana.
             Killed from afar by a will-o-the-wisp (12 damage)
             ... with a foxfire
             ... on level 1 of the Swamp on Feb 17, 2023.
             The game lasted 02:32:01 (26562 turns).

Twinkles the Warrior (Barachi Hexslinger)          Turns: 26562, Time: 02:32:02

Health: 0/130      AC: 26    Str: 13    XL:     16   Next: 71%
Magic:  21/21      EV: 17    Int: 15    God:    Hepliaklqana [******]
Gold:   2314       SH: 33    Dex: 26    Spells: 14/17 levels left

rFire   . . .      SeeInvis .    b - +2 scimitar (flame)
rCold   . . .      Faith    .    U - +18 shield of the Gong {Loud rN+ Will+ rCorr EV-5}
rNeg    + + .      Spirit   .    t - +6 scale mail "Jabuesch" {rN+}
rPois   .          Reflect  .    w - +2 helmet
rElec   .          Harm     .    o - +0 cloak
rCorr   +          Rampage  +    v - +1 pair of gloves of Inviolability {Int+2}
Will    ++...                    g - +2 pair of boots {rampage}
Stlth   ++                       A - amulet of regeneration
HPRegen 1.21/turn                m - +6 ring of dexterity
MPRegen 0.17/turn                W - +5 ring of evasion

@: unable to hop, slow
A: reduced essence, amphibious, slowness 1, strong legs 2, +LOS
a: Hop, Renounce Religion, Recall Ancestor, Ancestor Identity, Transference,
Idealise


You were on level 1 of the Swamp.
You worshipped Hepliaklqana.
Hepliaklqana was exalted by your worship.
You visited 5 branches of the dungeon, and saw 24 of its levels.
You also visited: Bailey.

You collected 2472 gold pieces.
You spent 158 gold pieces at shops.

Inventory:

Hand Weapons
 a - a +1 sling
 b - a +2 scimitar of flaming (weapon)
 n - the +0 spear "Jizehacy" {freeze, rF+}
   (You found it on level 8 of the Dungeon)

   rF:        It protects you from fire.
 x - a +2 heavy executioner's axe
Missiles
 k - a throwing net
 u - 11 curare-tipped darts
 T - 27 javelins
Armour
 g - a +2 pair of boots of rampaging (worn)
 o - a +0 cloak (worn)
 t - the +6 scale mail "Jabuesch" (worn) {rN+}
   (You found it on level 4 of the Dungeon)

   rN:        It protects you from negative energy.
 v - the +1 pair of gloves of Inviolability (worn) {Int+2}
   (You found it on level 3 of the Dungeon)

   Int:       It affects your intelligence (+2).
 w - a +2 helmet (worn)
 U - the +18 shield of the Gong (worn) {Loud rN+ Will+ rCorr EV-5}
   (You found it on level 4 of the Lair of Beasts)

   Loud:      It is deafeningly noisy when blocking attacks.
   EV:        It affects your evasion (-5).
   rN:        It protects you from negative energy.
   rCorr:     It protects you from acid and corrosion.
   Will:      It increases your willpower.
Jewellery
 i - a ring of wizardry
 l - a ring of see invisible
 m - a +6 ring of dexterity (left hand)
 r - a ring of flight
 z - a ring of protection from cold
 A - an amulet of regeneration (around neck)
 O - a +4 ring of protection
 W - a +5 ring of evasion (right hand)
 Z - an amulet of reflection
Wands
 d - a wand of digging (4)
 h - a wand of acid (6)
 j - a wand of polymorph (19)
 p - a wand of paralysis (6)
 q - a wand of flame (14)
 y - a wand of mindburst (11)
 S - a wand of roots (15)
Scrolls
 c - a scroll of torment
 e - a scroll of summoning {unknown}
 f - a scroll of enchant weapon {unknown}
 s - a scroll of amnesia {unknown}
 B - 3 scrolls of poison
 C - 2 scrolls of enchant armour
 D - a scroll of blinking
 E - 3 scrolls of fear
 F - 3 scrolls of fog
 K - 3 scrolls of immolation
 V - 3 scrolls of vulnerability
 X - 2 scrolls of magic mapping
 Y - 12 scrolls of teleportation
Potions
 G - a potion of ambrosia
 H - 5 potions of haste
 I - 2 potions of invisibility
 J - 9 potions of curing
 L - a potion of flight
 M - 2 potions of might
 P - 5 potions of lignification
 Q - a potion of magic
 R - 3 potions of resistance


   Skills:
 + Level 18.5 Fighting
 - Level 14.0 Long Blades
 - Level 9.6 Ranged Weapons
 + Level 12.9 Armour
 + Level 11.5 Dodging
 - Level 5.0 Stealth
 - Level 13.1 Shields
 - Level 1.1 Spellcasting
 - Level 3.3 Hexes
 - Level 5.0 Translocations
 - Level 7.4 Invocations
 - Level 5.3 Evocations


You had 14 spell levels left.
You knew the following spells:

 Your Spells              Type           Power      Damage    Failure   Level
a - Slow                  Hex            40%        N/A       36%         1
b - Blink                 Tloc           30%        N/A       28%         2

Your spell library contained the following spells:

 Spells                   Type           Power      Damage    Failure   Level
 Lesser Beckoning         Tloc           30%        N/A       28%         2
 Momentum Strike          Conj/Tloc      16%        3d8       63%         2
 Portal Projectile        Hex/Tloc       26%        N/A       63%         3
 Ensorcelled Hibernation  Hex/Ice        10%        N/A       75%         2
 Magic Dart               Conj           0%         1d3       83%         1
 Call Imp                 Summ           0%         N/A       92%         2
 Dazzling Flash           Conj/Hex       10%        N/A       92%         3
 Inner Flame              Hex/Fire       5%         N/A       92%         3
 Cause Fear               Hex            5%         N/A       98%         4
 Call Canine Familiar     Summ           0%         N/A       99%         3
 Frozen Ramparts          Ice            0%         1d1       99%         3
 Mephitic Cloud           Conj/Pois/Air  0%         N/A       99%         3
 Ozocubu's Armour         Ice            0%         N/A       99%         3
 Spider Form              Tmut/Pois      0%         N/A       99%         3
 Iskenderun's Mystic Bla  Conj/Tloc      8%         2d4       99%         4
 Anguish                  Hex/Necr       2%         N/A       100%        4
 Animate Dead             Necr           0%         N/A       100%        4
 Flame Wave               Conj/Fire      0%         2d4       100%        4
 Ice Form                 Ice/Tmut       0%         N/A       100%        4
 Leda's Liquefaction      Hex/Erth       2%         N/A       100%        4
 Sticky Flame             Conj/Fire      0%         2d3       100%        4
 Summon Ice Beast         Ice/Summ       0%         N/A       100%        4
 Borgnjor's Vile Clutch   Necr/Erth      0%         N/A       100%        5
 Yara's Violent Unravell  Hex/Tmut       2%         3d3       100%        5
 Death Channel            Necr           0%         N/A       100%        6
 Starburst                Conj/Fire      0%         6d3       100%        6
 Ozocubu's Refrigeration  Ice            0%         4d7       100%        7


Dungeon Overview and Level Annotations

Branches:
Dungeon (15/15) Zot: 26732  Temple (1/1) D:7 Zot: 5774    Lair (5/5) D:8 Zot: 23635
  Swamp (1/4) Lair:2 Zot: 5835   Snake (0/4) Lair:3        Slime (0/5) Lair:4
    Orc (2/2) D:11 Zot: 9522     Elf (0/3) Orc:2        Vaults (0/5) D:13
 Bailey (visited)
 Depths: D:15

Altars:
Ashenzari
Cheibriados
Dithmenos
Elyvilon
Fedhas
Gozag
Hepliaklqana
Kikubaaqudgha
Makhleb
Nemelex Xobeh
Okawaru
Qazlal
Ru
Sif Muna
Trog
Uskayaw
Vehumet
Wu Jian
Xom
Yredelemnul
Zin
The Shining One
Lugonu

Shops:
D:12 ?   D:14 (   Orc:2 !:[([*=(=

Portals:
Abyss: D:3

Annotations:
D:3 3 runed translucent doors, sirJeffrey23's ghost, novice HOFi
D:8 1 runed translucent door
D:14 1 runed translucent door, FacelessVoid's ghost, journeyman MiHu
Lair:2 Gastronok
Swamp:1 3 runed translucent doors, FacelessVoid's ghost, journeyman MiHu; Rudyous's ghost, adept BaFi; Valagong's ghost, journeyman MiFi; patfeehan111222's ghost, journeyman MiBe; ryw's ghost, journeyman OgGl


Innate Abilities, Weirdness & Mutations

Your life essence is reduced to manifest your ancestor. (-10% HP)
You are amphibious.
You cover ground slowly.
You can hop long distances.
You have an extended range of vision and can be seen from far away.


Message History

SHROANNG!
You block the alligator's attack.
BONNNG!
You hear a chilling moan.
You block the swamp worm's attack.
BOUMMMMG!
The spriggan druid casts a spell.
The forest starts to sway and rumble!
A tree reaches out and hits you!
* * * LOW HITPOINT WARNING * * *
You block the swamp worm's attack.
SHROANNG!
You block the swamp worm's attack.
BOUMMMMG!
You block the alligator's attack.
GONNNNG!
You block the alligator's attack.
SHROANNG!
You see here 13 gold pieces.
The alligator attacks as you move away!
The alligator bites you but does no damage.
You block the alligator's attack.
SHROANNG!
You are hit by a branch!
* * * LOW HITPOINT WARNING * * *
Tree limbs sway around you. A tree reaches out and hits you!
* * * LOW HITPOINT WARNING * * *
You block the alligator's attack.
GONNNNG!
You block the alligator's attack.
GONNNNG!
The will-o-the-wisp gestures.
The will-o-the-wisp conjures some foxfire!
You hear a chilling moan. x2 2 foxfires come into view.
The trees move their gnarly branches around.
A tree reaches out and hits you!
* * * LOW HITPOINT WARNING * * *
The foxfire hits you!
You die...

.~§~~..w.~~~..........~.
.~~~~>.w).~i~..~~.~.
###..~.♣♣~..~~§..~~...
8.#...♣ ♣§..~~~..§~~...
..#..♣ ♣♣v§.......~~~~~
:.#.. ♣§v~~..§...~~~~§
..+..♣ ♣§wt~~~~..~~~~~~
.W+..~♣♣♣v~~~~§~~~~~~~~
.W+....♣♣@~~~~~~~~~..~~
..#..~~..<.~~~~~§~§~.~~
..#...§....~~~.§~~~~.~~
8$#...♣..§)~~.....~~~~.
#♣..~..~~~~§~~.~~~~~.
♣♣~....~~~~~.~~§~~~.
♣..~..$....~~~~~§~.
♣.~..~~..♣~.~~~~~.~
~.~..~.~~.~♣~.~~~~..


You could see an alligator (swift), 2 tyrant leeches, a spriggan druid, a
will-o-the-wisp and a swamp worm.

Vanquished Creatures
  Rupert (Lair:5)
  2 orc warlords
  2 eleionomae (Swamp:1)
  2 fire dragons (Lair:5)
  Snorg (D:14)
  A rakshasa (D:13)
  2 vault guards (D:13)
  4 hydras
  2 ogre magi
  A catoblepas (D:14)
  3 centaur warriors
  3 two-headed ogres
  A ghost crab (Swamp:1)
  An alligator (Swamp:1)
  5 death yaks
  2 boulder beetles
  A tengu warrior (D:13)
  A deep elf knight (D:13)
  3 orc high priests (Orc:2)
  A fire crab (shapeshifter) (D:13)
  Amaemon (D:7)
  A glowing orange brain (shapeshifter) (D:13)
  A lindwurm (Lair:5)
  2 deep elf pyromancers (D:13)
  2 orc sorcerers (Orc:2)
  4 orc knights
  3 cyclopes
  15 ugly things
  Maurice (D:8)
  A manticore (D:12)
  7 elephants
  2 torpor snails (Lair:5)
  A gargoyle (D:13)
  6 black mambas
  3 cane toads
  2 unseen horrors
  An orange demon (D:8)
  6 rime drakes
  10 komodo dragons
  3 kobold demonologists (D:12)
  Maggie (D:7)
  A freezing wraith (D:13)
  6 trolls
  3 meliai
  5 hornets
  A tyrant leech (Lair:5)
  Grinder (D:4)
  13 blink frogs
  8 slime creatures
  A shadow (D:12)
  A spriggan (Swamp:1)
  5 basilisks
  24 yaks
  5 wyverns
  A fire bat (D:10)
  3 steam dragons
  Menkaure (D:6)
  Edmund (D:4)
  A warg (Orc:1)
  6 water moccasins
  Duvessa (D:5)
  4 acid dragons
  30 orc warriors
  A black bear (D:8)
  A sky beast (D:7)
  16 centaurs
  6 wolves
  6 ogres
  3 kobold brigands
  10 bullfrogs
  2 necrophages
  A gnoll sergeant (D:6)
  3 scorpions (D:4)
  23 wights
  A hornet simulacrum (D:13)
  Dowan (D:5)
  6 killer bees
  A vampire bat (D:8)
  An electric eel (D:9)
  6 howler monkeys
  2 jellies
  2 lava snakes (D:10)
  6 hounds
  A gnoll bouda (D:7)
  13 orc priests
  5 iguanas
  12 orc wizards
  5 gnolls (D:7)
  9 adders
  2 shadow imps
  A white imp (D:5)
  An ufetubus (D:6)
  4 worms
  4 dart slugs
  80 orcs
  3 ball pythons
  5 bats
  4 bat skeletons (D:8)
  A bat zombie (D:8)
  7 endoplasms
  6 giant cockroaches
  5 hobgoblins
  18 kobolds
  6 quokkas
  4 frilled lizards
  9 goblins
  A kobold skeleton (D:8)
  10 rats
  3 fire vortices (D:10)
551 creatures vanquished.

Vanquished Creatures (collateral kills)
  A bunyip (Swamp:1)
  A catoblepas (Lair:3)
  A hydra (Lair:5)
  A boulder beetle (D:11)
  An alligator (Swamp:1)
  4 centaur warriors
  3 death yaks (Lair:1)
  A two-headed ogre (D:10)
  An orc high priest (Orc:2)
  Sonja (D:10)
  A skyshark (Lair:2)
  A bog body (Lair:2)
  2 swamp dragons
  6 orc knights
  A deep elf zephyrmancer (D:13)
  3 ugly things (D:14)
  A will-o-the-wisp (Swamp:1)
  2 orc sorcerers
  A black mamba (Lair:4)
  A black mamba (shapeshifter) (D:13)
  7 elephants (Lair:4)
  Joseph (D:10)
  4 torpor snails
  A gargoyle (D:12)
  2 unseen horrors
  3 rime drakes
  A yaktaur (D:13)
  7 cane toads
  3 kobold demonologists
  A komodo dragon (Lair:2)
  3 trolls
  4 hornets
  2 blink frogs
  4 tyrant leeches
  A dream sheep (shapeshifter) (D:13)
  11 slime creatures
  A shadow (D:11)
  5 basilisks
  14 yaks
  Grum (D:10)
  3 fire bats (D:10)
  A wyvern (Lair:3)
  2 wraiths (D:10)
  A human (D:13)
  A warg (Orc:2)
  4 water moccasins
  3 acid dragons
  A hell hound (D:10)
  A swamp drake (Swamp:1)
  15 orc warriors
  5 ogres
  11 wolves
  2 centaurs
  2 kobold brigands (D:12)
  5 bullfrogs
  A vampire bat (D:8)
  An iguana (Lair:5)
  6 orc priests
  11 orc wizards
  27 orcs
  3 kobolds
216 creatures vanquished.

Vanquished Creatures (others)
  An ancestor (D:9)
  27 battlemagi
  An orc wizard (D:5)
  A bush (Lair:5)
  11 foxfires (Swamp:1)
  33 fungi
  88 plants
162 creatures vanquished.

Grand Total: 929 creatures vanquished

Notes
Turn   | Place    | Note
-------+----------+-------------------------------------------
     0 | D:1      | Twinkles the Barachi Hexslinger began the quest for the
                  | Orb.
     0 | D:1      | Reached XP level 1. HP: 15/15 MP: 2/2
    97 | D:1      | Reached XP level 2. HP: 21/21 MP: 3/3
   519 | D:1      | Reached skill level 2 in Fighting
   563 | D:1      | Found a faded altar of an unknown god.
   589 | D:1      | Reached XP level 3. HP: 27/27 MP: 4/4
   968 | D:2      | Reached XP level 4. HP: 22/34 MP: 5/5
  1385 | D:2      | Reached skill level 3 in Fighting
  1385 | D:2      | HP: 8/35 [worm (10)]
  1720 | D:3      | Noticed an ogre
  1883 | D:3      | Found a large runed translucent door.
  1883 | D:3      | Found a large runed translucent door.
  1883 | D:3      | Found a corrupted altar of Lugonu.
  2087 | D:3      | Found a runed translucent gate.
  2087 | D:3      | Found a runed translucent gate.
  2087 | D:3      | Found a runed translucent gate.
  2087 | D:3      | Noticed sirJeffrey23's ghost (novice HOFi)
  2209 | D:3      | Killed an ogre
  2210 | D:3      | Reached XP level 5. HP: 42/42 MP: 4/6
  2467 | D:3      | Found a one-way gate to the infinite horrors of the Abyss.
  2589 | D:3      | Identified the +1 pair of gloves of Inviolability {Int+2}
  2887 | D:4      | Found a sparkling altar of Nemelex Xobeh.
  2926 | D:4      | Identified the +6 scale mail "Jabuesch" {rN+}
  2950 | D:4      | Reached skill level 4 in Fighting
  2950 | D:4      | Reached XP level 6. HP: 48/48 MP: 7/7
  3057 | D:4      | Found a hide-covered altar of Uskayaw.
  3516 | D:5      | Entered Level 5 of the Dungeon
  3556 | D:5      | Reached XP level 7. HP: 55/55 MP: 8/8
  3573 | D:5      | Noticed Dowan
  3632 | D:5      | Noticed Grinder
  3649 | D:4      | Reached skill level 5 in Fighting
  3649 | D:4      | Reached skill level 1 in Armour
  3678 | D:5      | Noticed Duvessa
  3826 | D:4      | Paralysed by Grinder for 5 turns
  3847 | D:4      | Paralysed by Grinder for 5 turns
  3879 | D:4      | Killed Grinder
  3880 | D:4      | Reached skill level 5 in Ranged Weapons
  3910 | D:5      | Noticed Edmund
  3914 | D:5      | Found a shimmering blue altar of Sif Muna.
  4059 | D:4      | Killed Edmund
  4060 | D:4      | Reached skill level 6 in Fighting
  4060 | D:4      | Reached XP level 8. HP: 21/64 MP: 9/9
  4376 | D:5      | Found a broken altar of Ashenzari.
  4503 | D:5      | Killed Dowan
  4506 | D:5      | Killed Duvessa
  4507 | D:5      | Reached skill level 7 in Fighting
  4514 | D:5      | You fall into a shaft and drop 3 floors!
  4562 | D:8      | Reached skill level 5 in Armour
  4609 | D:8      | Reached XP level 9. HP: 55/73 MP: 10/10
  4676 | D:8      | Found a runed translucent door.
  4702 | D:8      | HP: 19/64 [wight/+1 long sword (13)]
  4715 | D:8      | HP: 18/64 [wight/+0 battleaxe (7)]
  4724 | D:8      | Reached skill level 8 in Fighting
  4783 | D:7      | Reached skill level 5 in Dodging
  4795 | D:7      | Found a flagged portal.
  4825 | D:7      | HP: 18/66 [wight/+5 morningstar of freezing (7)]
  4996 | Bailey   | Entered a bailey
  5582 | Bailey   | Reached skill level 9 in Fighting
  6178 | Bailey   | Reached XP level 10. HP: 65/83 MP: 11/11
  7041 | D:7      | Noticed Maggie
  7063 | D:7      | Killed Maggie
  7246 | D:6      | Noticed Menkaure
  7260 | D:6      | Killed Menkaure
  7831 | D:5      | Found a glowing silver altar of Zin.
  8039 | D:6      | Reached skill level 11 in Fighting
  8039 | D:6      | Reached skill level 10 in Armour
  8039 | D:6      | Reached XP level 11. HP: 93/93 MP: 12/12
  8529 | D:7      | Reached skill level 5 in Long Blades
  8618 | D:7      | Found a staircase to the Ecumenical Temple.
  8629 | Temple   | Entered the Ecumenical Temple
  8800 | Temple   | Became a worshipper of Hepliaklqana the Forgotten
  8901 | D:7      | Found a stormy altar of Qazlal.
  9147 | D:7      | Found a white marble altar of Elyvilon.
  9382 | D:8      | Noticed Amaemon
  9437 | D:7      | Killed Amaemon
  9438 | D:7      | Reached skill level 1 in Evocations
  9911 | D:8      | Found a staircase to the Lair.
 10049 | D:8      | Found a basalt altar of Yredelemnul.
 10093 | D:8      | Reached * piety under Hepliaklqana
 10109 | D:8      | Identified the +0 spear "Jizehacy" {freeze, rF+}
 10124 | D:8      | Noticed Maurice
 10298 | D:8      | Found an ancient bone altar of Kikubaaqudgha.
 10377 | D:8      | Killed Maurice
 10378 | D:8      | Reached XP level 12. HP: 65/90 MP: 13/13
 10546 | D:9      | Reached skill level 1 in Stealth
 11098 | D:9      | Reached ** piety under Hepliaklqana
 11099 | D:9      | Remembered your ancestor Zolin as a battlemage
 11248 | Lair:1   | Entered Level 1 of the Lair of Beasts
 11342 | Lair:1   | Reached skill level 12 in Fighting
 11608 | Lair:1   | Noticed a death yak
 11608 | Lair:1   | Noticed a death yak
 11609 | Lair:1   | Noticed a death yak
 11609 | Lair:1   | Noticed a death yak
 11617 | Lair:1   | Noticed a death yak
 11623 | Lair:1   | Noticed a death yak
 11629 | Lair:1   | Killed a death yak
 11655 | Lair:1   | Killed a death yak
 11666 | Lair:1   | Killed a death yak
 11673 | Lair:1   | Killed a death yak
 11677 | Lair:1   | Killed a death yak
 11679 | Lair:1   | Killed a death yak
 11924 | Lair:1   | You fall into a shaft and drop 1 floor!
 11925 | Lair:2   | Noticed a five-headed hydra
 12410 | Lair:2   | Reached skill level 5 in Stealth
 12413 | Lair:2   | Reached skill level 13 in Fighting
 12701 | Lair:2   | Killed a three-headed hydra
 12720 | Lair:2   | Reached skill level 10 in Long Blades
 12734 | Lair:2   | Gained mutation: You can hop long distances. [Barachi
                  | growth]
 12734 | Lair:2   | Reached XP level 13. HP: 99/99 MP: 14/14
 12833 | Lair:2   | Noticed Gastronok
 12857 | Lair:2   | Found a staircase to the Swamp.
 12902 | Lair:2   | Reached skill level 14 in Fighting
 12909 | Lair:2   | Reached *** piety under Hepliaklqana
 13334 | Lair:3   | Found a staircase to the Snake Pit.
 14333 | Lair:4   | Found the +18 shield of the Gong {Loud rN+ Will+ rCorr
                  | EV-5}
 14388 | Lair:4   | Found a staircase to the Slime Pits.
 14398 | Lair:4   | Reached skill level 1 in Shields
 14447 | Lair:4   | Reached skill level 5 in Evocations
 14667 | Lair:4   | Reached skill level 1 in Invocations
 14871 | Lair:4   | Reached skill level 5 in Shields
 14871 | Lair:4   | Reached XP level 14. HP: 108/108 MP: 15/15
 14873 | Lair:4   | Reached **** piety under Hepliaklqana
 14882 | Lair:4   | Reached skill level 15 in Fighting
 15127 | Lair:5   | Entered Level 5 of the Lair of Beasts
 15234 | Lair:5   | Noticed Rupert
 15261 | Lair:5   | Killed Rupert
 15934 | Lair:5   | Found a runed translucent door.
 16411 | Lair:5   | HP: 32/111 [poisoned by a swamp dragon (poison gas)]
 16416 | Lair:5   | HP: 20/111 [poisoned by a swamp dragon (poison gas)]
 16421 | Lair:5   | HP: 19/111 [poisoned by a swamp dragon (poison gas)]
 16973 | D:10     | Entered Level 10 of the Dungeon
 17012 | D:9      | Reached skill level 16 in Fighting
 17401 | D:10     | Noticed Joseph
 17408 | D:10     | Killed Joseph
 17599 | D:10     | Found an ornate altar of the Wu Jian Council.
 17742 | D:10     | Reached skill level 5 in Invocations
 17749 | D:10     | Noticed Grum
 17756 | D:10     | Noticed Sonja
 17914 | D:10     | Reached ***** piety under Hepliaklqana
 17925 | D:10     | Killed Grum
 18067 | D:10     | Killed Sonja
 18225 | D:10     | Found an iron altar of Okawaru.
 18630 | D:11     | Reached skill level 10 in Shields
 18634 | D:11     | Reached XP level 15. HP: 117/117 MP: 18/18
 18772 | D:11     | Found a staircase to the Orcish Mines.
 19056 | D:11     | Got the Annotations on Ensorcelling and Burning
 19808 | D:12     | Found Kuadar's Magic Scroll Boutique.
 19815 | D:12     | Bought a scroll of identify for 26 gold pieces
 19815 | D:12     | Bought 2 scrolls of identify for 52 gold pieces
 20758 | D:13     | Reached ****** piety under Hepliaklqana
 20774 | D:13     | Identified the +1 ring mail "Hoschoixt" {-Cast Will+ rCorr
                  | Dex+2}
 20804 | D:13     | HP: 21/118 [meliai/divine providence (15)]
 21131 | D:13     | Reached skill level 17 in Fighting
 21770 | D:13     | Found a gate to the Vaults.
 22088 | D:14     | Noticed Snorg
 22133 | D:14     | Learned a level 2 spell: Blink
 22158 | D:14     | Killed Snorg
 22165 | D:14     | Reached skill level 1 in Translocations
 22241 | D:14     | Reached skill level 10 in Dodging
 22298 | D:14     | Reached XP level 16. HP: 107/127 MP: 21/21
 23197 | D:14     | Found a runed translucent door.
 23197 | D:14     | Noticed FacelessVoid's ghost (journeyman MiHu)
 23350 | D:14     | Found Ynuolliu's Antique Weapon Boutique.
 23619 | Orc:1    | Entered Level 1 of the Orcish Mines
 24162 | Orc:2    | Entered Level 2 of the Orcish Mines
 24162 | Orc:2    | Found Vysasuxe's Distillery.
 24162 | Orc:2    | Found Cibiamm's Antique Armour Boutique.
 24240 | Orc:2    | Reached skill level 18 in Fighting
 24530 | D:15     | Entered Level 15 of the Dungeon
 24750 | Orc:2    | Found a staircase to the Elven Halls.
 24836 | Orc:2    | Found Keegg's Book Emporium.
 25359 | Orc:2    | Reached skill level 5 in Translocations
 25676 | Orc:2    | Found Aniarekh's General Store.
 25677 | Orc:2    | Found Tinoajemac's Jewellery Shoppe.
 25680 | Orc:2    | Found Fapne's Antique Armour Shoppe.
 25680 | Orc:2    | Found Arism's Antique Weapon Emporium.
 25741 | Orc:2    | Found Doporidd's Weapon Emporium.
 25791 | Orc:2    | Found Meefafoh's Jewellery Emporium.
 26219 | Orc:2    | Bought a potion of heal wounds for 80 gold pieces
 26393 | Swamp:1  | Entered Level 1 of the Swamp
 26393 | Swamp:1  | Found a runed translucent gate.
 26393 | Swamp:1  | Found a runed translucent gate.
 26393 | Swamp:1  | Found a runed translucent gate.
 26398 | Swamp:1  | Noticed Valagong's ghost (journeyman MiFi)
 26398 | Swamp:1  | Noticed patfeehan111222's ghost (journeyman MiBe)
 26399 | Swamp:1  | Noticed Rudyous's ghost (adept BaFi)
 26400 | Swamp:1  | Noticed FacelessVoid's ghost (journeyman MiHu)
 26401 | Swamp:1  | Noticed ryw's ghost (journeyman OgGl)
 26414 | Swamp:1  | HP: 37/129 [spectral alligator snapping turtle[a ghost
                  | crab] (14)]
 26560 | Swamp:1  | HP: 37/130 [spriggan druid/angry trees (12)]
 26562 | Swamp:1  | HP: 12/130 [spriggan druid/angry trees (12)]
 26562 | Swamp:1  | Killed from afar by a will-o-the-wisp

Illustrated notes

Levels and vault maps discovered:
D:1:      amcnicky_arrival_abandoned_market, layout_loops_ring,
          shapermc_ecumenical_altar_gd, minmay_bisected
D:2:      layout_loops_ring
D:3:      due_chaos_kobolds, layout_loops_ring, ebering_ghost_rock_garden,
          lexackson_kobold_supper
D:4:      layout_cave_pools, eat_drink_and_be_merry_uskayaw,
          mainiacjoe_overflow_chevrons, serial_glass, glass_columns_a,
          glass_columns_b
D:5:      wander_river, layout_basic, zin_treasury,
          mainiacjoe_overflow_six_doors_small, general_overflow_altar,
          uniq_edmund, uniq_duvessa, uniq_grinder
D:6:      cheibrodos_helix_gallery, layout_loops_corners, uniq_menkaure
D:7:      layout_basic, elyvilon_altar_4, mainiacjoe_overflow_alcove_2,
          minmay_temple_entry_proselytizer, enter_bailey_5, uniq_maggie
D:8:      layout_rooms, kennysheep_vampire_church, dk_yredelemnul_ordeal,
          grunt_lair_entry_orc_guard_hut, minmay_splitting_lines, uniq_maurice,
          uniq_amaemon
D:9:      layout_basic
D:10:     layout_gridville, mainiacjoe_overflow_24_doors,
          mainiacjoe_overflow_catwalk, hangedman_incinerator, uniq_grum,
          uniq_joseph, uniq_sonja
D:11:     layout_stronghold, orc_0_dummy
D:12:     layout_gridville, serial_shops,
          nicolae_shop_competitors_out_of_business, nicolae_two_hexagons
D:13:     minmay_cut_squares, layout_gridville, grunt_vaults_entry_fortified,
          minivault_28
D:14:     layout_basic, gammafunk_ghost_grave, serial_shops, shop,
          chequers_serial_rivers_small_b, uniq_snorg
D:15:     grunt_enter_depths_hoard, layout_irregular_city,
          nicolae_ru_awakened_eye, uniq_kirke
Temple:   minmay_temple_curvy_loop
Lair:1:   layout_cave_pods
Lair:2:   layout_long_grid, skrybe_swamp_entry_bodies, uniq_gastronok
Lair:3:   layout_loops_ring, dummy_snake_entry, kennysheep_catoblepas_arena,
          lemuel_fruit_fields, grunt_megastairs_4, serial_bayou_shore_a
Lair:4:   layout_big_grid, slime_entry_1, wad_woods_river_02,
          beast_lair_carwin_10, grunt_megastairs_2
Lair:5:   guppyfry_lair_end_dragon, layout_regular_city, wormcave, st_stairs_9,
          evilmike_ambush [evilmike_ambush_outer_pillars,
          evilmike_ambush_inner_pond], uniq_rupert
Swamp:1:  layout_basic_swamp, gammafunk_ghost_cemetery,
          infiniplex_staircase_pool
Orc:1:    layout_diamond_mine, nicolae_orc_damp_corner, abandoned_shop,
          mines2_david
Orc:2:    st_orc_congregation, layout_diamond_mine, serial_shops, shop,
          shop_statue, shop, nicolae_shop_bloodbath_and_beyond,
          nicolae_shop_waterfront

Skill      XL: |  1  2  3  4  5  6  7  8  9 10 11 12 13 14 15 16 |
---------------+-------------------------------------------------+-----
Fighting       | 2 3 4 6 7 9 11 13 14 16 17 18 | 18.5
Dodging        | 3 4 6 8 9 10 11 | 11.5
Ranged Weapons | 3 4 5 6 7 9 |  9.6
Armour         | 3 5 7 10 11 12 | 12.9
Long Blades    | 4 6 10 12 13 14 | 14.0
Evocations     | 2 5 |  5.3
Stealth        | 5 |  5.0
Shields        | 5 10 13 | 13.1
Invocations    | 1 5 7 |  7.4
Translocations | 2 5 |  5.0
Spellcasting   | |  1.1
Hexes          | |  3.3

Action                     |  1- 3 |  4- 6 |  7- 9 | 10-12 | 13-15 | 16-18 || total
---------------------------+-------+-------+-------+-------+-------+-------++-------
  Melee: Whip              |       |    56 |   412 |    29 |       |       ||   497
         Punch             |       |       |    13 |     4 |     3 |       ||    20
         Unarmed           |       |       |    17 |       |       |       ||    17
         Halberd           |       |       |       |    53 |       |       ||    53
         Scimitar          |       |       |       |   264 |   718 |   329 ||  1311
   Fire: Sling             |   116 |   238 |   342 |   352 |   431 |   212 ||  1691
   Cast: Slow              |       |     9 |     1 |       |       |       ||    10
         Blink             |       |       |       |       |       |     2 ||     2
 Invoke: Ancestor Life: Ba |       |       |       |     1 |       |       ||     1
         Recall Ancestor   |       |       |       |       |     6 |     2 ||     8
         Transference      |       |       |       |       |     1 |       ||     1
Ability: Hop               |       |     1 |       |     3 |     1 |     3 ||     8
  Evoke: Wand              |       |       |       |       |       |     3 ||     3
    Use: Scroll            |       |     5 |     3 |     8 |    11 |     1 ||    28
         Potion            |       |       |     4 |     1 |     3 |     3 ||    11
   Stab: Confused          |       |       |     2 |       |       |       ||     2
         Distracted        |       |       |       |     1 |    18 |     4 ||    23
         Sleeping          |       |       |       |     1 |     1 |     1 ||     3
 Armour: Ring mail         |    35 |    49 |       |       |       |       ||    84
         Scale mail        |       |    35 |   254 |   192 |   192 |    60 ||   733
         Skin              |       |       |     4 |       |       |       ||     4
  Dodge: Dodged            |    49 |   137 |   314 |   395 |   231 |    52 ||  1178
  Block: Kite shield       |       |       |       |       |   712 |   358 ||  1070

Table legend: (Time is in decaauts)
 A = Elapsed time spent in this place.
 B = Non-inter-level travel time spent in this place.
 C = Inter-level travel time spent in this place.
 D = Time resting spent in this place.
 E = Time spent auto-exploring this place.
 F = Levels seen in this place.
 G = Mean time per level.
                   A        B        C        D        E       F      G
               +--------+--------+--------+--------+--------+-----+--------+
         Total |  30288 |  26262 |   4026 |   3535 |  14856 |  25 | 1211.5 |
       Dungeon |  18911 |  16154 |   2757 |   1896 |   9791 |  15 | 1260.7 |
        Temple |    225 |    161 |     64 |      0 |    153 |   1 |  225.0 |
          Lair |   6364 |   5720 |    644 |    872 |   3485 |   5 | 1272.8 |
         Swamp |    163 |    161 |      2 |     50 |      0 |   1 |  163.0 |
  Orcish Mines |   2477 |   1920 |    557 |    145 |   1114 |   2 | 1238.5 |
        Bailey |   2146 |   2146 |      0 |    570 |    312 |   1 | 2146.0 |
               +--------+--------+--------+--------+--------+-----+--------+

Top non-repeatable levels by time:
  Bailey: 2146 daAuts
  Lair:5: 1789 daAuts
    D:14: 1745 daAuts
    D:12: 1737 daAuts
     D:8: 1545 daAuts
   Orc:2: 1518 daAuts
     D:7: 1496 daAuts
    D:11: 1496 daAuts
     D:9: 1441 daAuts
    D:13: 1390 daAuts
  Lair:1: 1366 daAuts
     D:4: 1282 daAuts
     D:3: 1277 daAuts
  Lair:4: 1228 daAuts
    D:10: 1129 daAuts
